Remparts vs Sasquatch
Created - May 7, 2017 at 19:37
Goals
|
| Remparts |
0 |
1 |
1 |
2 |
| Sasquatch |
0 |
2 |
2 |
4 |
|
Shots
|
| Remparts |
9 |
10 |
9 |
28 |
| Sasquatch |
11 |
7 |
13 |
31 |
|
1st period
No Goal
Penalties :
Lars Eller (Gat) for Roughing (Minor) at 2:45
2nd period
1. Sasquatch , Jason Zucker 19 (Sergey Kalinin 2, Garnet Hathaway 12) at 14:12
2. Remparts , Daniel Paille 38 (Jonathan Matsumoto 68) at 18:21
3. Sasquatch , Brock Trotter 18 (Drew Shore 16, Jonathan Blum 41) at 19:17
Penalties :
Danny DeKeiser (Gat) for High sticking (Minor) at 3:48, Erik Gudbranson (Que) for Hooking (Minor) at 15:04
3rd period
4. Remparts , Matt Halischuk 16 (Daniel Paille 53, Keith Ballard 36) at 1:42 (PP)
5. Sasquatch , Linus Omark 59 (Jason Akeson 42, Lars Eller 55) at 9:50 (PP)
6. Sasquatch , Drew Shore 13 (Brock Trotter 23) at 10:38
Penalties :
Ryan Strome (Gat) for Hooking (Minor) at 1:26, Daniel Paille (Que) for Tripping (Minor) at 9:27
Goalie Stats
Petr Mrazek (Que), 27 saves from 31 shots - (0.871), L, 19-20-6, 60:00 minutes
Corey Crawford (Gat), 26 saves from 28 shots - (0.929), W, 31-13-4, 60:00 minutes
Players Stats for Remparts
Player Name G A P +/- PIM S H SB GA TA FO MP PP MP PK MP
------------------------------------------------------------------------------------
Cédric Lalonde-McNicoll 0 0 0 -3 0 0 0 0 0 0 6/11 13:16 0:00 0:15
Daniel Paille 1 1 2 1 2 4 1 0 0 0 1/2 20:31 2:27 0:58
Erik Gudbranson 0 0 0 0 2 2 1 2 0 2 0/0 26:12 2:35 0:23
Erik Gustafsson 0 0 0 -1 0 0 1 2 0 1 0/0 12:39 0:00 0:00
Geordie Wudrick 0 0 0 0 0 0 0 0 0 0 0/0 9:05 0:00 0:00
Guillaume Desbiens 0 0 0 0 0 7 2 0 1 0 1/1 15:07 1:43 0:00
Johannes Salmonsson 0 0 0 0 0 1 1 0 0 0 0/0 15:55 1:43 0:48
Jonathan Cheechoo 0 0 0 0 0 2 1 0 0 0 0/0 9:13 0:04 0:00
Jonathan Matsumoto 0 1 1 1 0 2 0 0 0 0 19/28 19:34 2:27 0:00
Keith Ballard 0 1 1 0 0 4 0 0 0 2 0/0 26:47 2:35 1:31
Luca Caputi 0 0 0 -3 0 1 4 0 0 0 0/0 15:01 0:04 1:09
Matt Halischuk 1 0 1 1 0 4 4 1 2 0 1/3 19:34 2:27 0:00
Max Reinhart 0 0 0 0 0 0 0 2 0 0 0/4 10:26 0:00 1:21
Mika Zibanejad 0 0 0 0 0 0 2 1 0 0 2/7 16:03 1:43 0:13
Nate Guenin 0 0 0 -1 0 1 1 0 0 2 0/0 14:38 0:00 0:58
Petr Straka 0 0 0 -3 0 0 1 0 0 0 0/0 13:09 0:04 0:00
Radko Gudas 0 0 0 -1 0 0 4 0 0 3 0/0 19:52 1:39 1:01
William Colbert 0 0 0 -1 0 0 2 1 0 0 0/0 20:34 1:39 0:51
Players Stats for Sasquatch
Player Name G A P +/- PIM S H SB GA TA FO MP PP MP PK MP
------------------------------------------------------------------------------------
Brock Trotter 1 1 2 2 0 3 3 0 0 0 1/1 12:47 0:00 1:21
D.J King 0 0 0 0 0 1 1 1 0 0 1/1 18:22 0:58 2:28
Danny DeKeiser 0 0 0 0 2 3 3 0 0 1 0/0 17:48 0:00 1:11
Drew Shore 1 1 2 2 0 3 1 0 1 0 6/10 13:31 0:00 2:06
Garnet Hathaway 0 1 1 1 0 4 6 1 1 0 0/1 9:27 0:00 0:00
James Wisniewski 0 0 0 0 0 0 1 1 0 0 0/0 10:07 1:07 0:23
Jason Akeson 0 1 1 -1 0 1 3 0 1 0 0/0 18:59 1:24 0:00
Jason Zucker 1 0 1 1 0 2 2 1 0 0 0/0 10:01 0:00 0:12
Jonathan Blum 0 1 1 2 0 0 4 1 1 0 0/0 22:51 0:52 1:41
Kris Russell 0 0 0 2 0 0 0 1 0 1 0/0 15:23 0:23 1:41
Lars Eller 0 1 1 0 2 2 4 0 2 0 4/9 16:51 1:24 0:33
Linus Omark 1 0 1 -1 0 5 1 0 1 1 1/2 20:22 1:24 1:22
Nick Leddy 0 0 0 0 0 1 2 3 1 0 0/0 27:22 1:30 0:59
Ryan Strome 0 0 0 2 2 0 2 0 1 0 0/0 12:03 0:58 0:00
Sergey Kalinin 0 1 1 1 0 1 0 0 0 0 1/1 9:54 0:00 0:26
Stephane Da Costa 0 0 0 -1 0 3 0 0 0 0 12/31 18:34 0:58 0:00
Tyler Randell 0 0 0 0 0 1 1 1 0 0 0/0 16:28 0:00 0:00
Yann Sauvé 0 0 0 0 0 1 2 1 1 0 0/0 24:53 0:52 2:33
3 Stars
1 - Brock Trotter (Gat)
2 - Drew Shore (Gat)
3 - Matt Halischuk (Que)
Power Play
Remparts - 1 on 3 Attempt(s) - 33.33%
Sasquatch - 1 on 2 Attempt(s) - 50.00%
Penalty Kill
Remparts - 1 on 2 Attempt(s) - 50.00%
- Score 0 goal in Penalty Kill
Sasquatch - 2 on 3 Attempt(s) - 66.67%
- Score 0 goal in Penalty Kill
Team Stat
Remparts - Hits : 25 - Faceoff Wins : 30 - Blocked Shots : 9 - Penalty Minutes : 4
Sasquatch - Hits : 36 - Faceoff Wins : 26 - Blocked Shots : 11 - Penalty Minutes : 6
Official
Referees : Rehman Kyle and Fraser Kerry
Linesman : Mark Pare and Steve Barton
Game Notes
James Wisniewski is injured at 18:13 of 2nd period (Sprained Right Knee)
Finance
Level 1 -- Attendance: 1471 (73.55%) -- Ticket Income $51,485
Level 2 -- Attendance: 753 (75.30%) -- Ticket Income $11,295
Total Attendance: 2224 (74.13%)
Total Ticket Income: $62,780
Other Income: $3,139
Total Income: $65,919
Remparts
5 vs 5 Forward
Center Left Wing Right Wing Time % Phy DF OF
1 Jonathan Matsumoto Daniel Paille Matt Halischuk 40 0 2 3
2 Mika Zibanejad Johannes Salmonsson Guillaume Desbiens 30 0 2 3
3 Cédric Lalonde-McNicoll Luca Caputi Petr Straka 20 0 2 3
4 Max Reinhart Geordie Wudrick Jonathan Cheechoo 10 0 3 2
5 vs 5 Defense
Defense Defense Time % Phy DF OF
1 Erik Gudbranson Keith Ballard 40 0 2 3
2 William Colbert Radko Gudas 30 0 2 3
3 Erik Gustafsson Nate Guenin 20 1 2 2
4 Erik Gudbranson Keith Ballard 10 0 2 3
PowerPlay Forward
Center Left Wing Right Wing Time % Phy DF OF
1 Jonathan Matsumoto Daniel Paille Matt Halischuk 60 1 0 4
2 Mika Zibanejad Johannes Salmonsson Guillaume Desbiens 40 1 0 4
PowerPlay Defense
Defense Defense Time % Phy DF OF
1 Erik Gudbranson Keith Ballard 60 1 1 3
2 Radko Gudas William Colbert 40 1 1 3
Penalty Kill 4 Players Forward
Center Wing Time % Phy DF OF
1 Max Reinhart Daniel Paille 60 1 4 0
2 Cédric Lalonde-McNicoll Johannes Salmonsson 40 1 4 0
Penalty Kill 4 Players Defense
Defense Defense Time % Phy DF OF
1 Erik Gudbranson Keith Ballard 60 1 4 0
2 William Colbert Radko Gudas 40 1 4 0
Penalty Kill - 3 Players Forward
Forward Time % Phy DF OF
1 Max Reinhart 60 1 2 2
2 Cédric Lalonde-McNicoll 40 1 2 2
Penalty Kill - 3 Players Defense
Defense Defense Time % Phy DF OF
1 Erik Gudbranson Keith Ballard 60 1 2 2
2 William Colbert Radko Gudas 40 1 2 2
4 vs 4 Forward
Center Wing Time % Phy DF OF
1 Jonathan Matsumoto Daniel Paille 60 0 2 3
2 Mika Zibanejad Matt Halischuk 40 0 2 3
4 vs 4 Defense
Defense Defense Time % Phy DF OF
1 Erik Gudbranson Keith Ballard 60 0 2 3
2 William Colbert Radko Gudas 40 0 2 3
Last Minutes Offensive
Center Left Wing Right Wing Defense Defense
Jonathan Matsumoto Daniel Paille Guillaume Desbiens Erik Gudbranson Keith Ballard
Last Minutes Defensive
Center Left Wing Right Wing Defense Defense
Jonathan Matsumoto Daniel Paille Guillaume Desbiens Erik Gudbranson Keith Ballard
Goaltenders
Starting : Petr Mrazek
Backup : Tyler Plante
Extra Forwards
Normal : Mika Zibanejad, Daniel Paille, Max Reinhart - PP : Mika Zibanejad, Petr Straka - PK : Luca Caputi
Extra Defensemen
Normal : Radko Gudas, Erik Gudbranson, William Colbert - PP : Nate Guenin - PK : Radko Gudas, Erik Gudbranson
Penalty Shots
Daniel Paille, Jonathan Matsumoto, Jonathan Cheechoo, Matt Halischuk, Cédric Lalonde-McNicoll
Scratches
Brandon Gormley (Bruised Right Foot Injury), Michael Paliotta (Healthy), Ivan Vishnevski (Healthy), Chris Mueller (Healthy), Jarod Palmer (Healthy)
Dale Weise (Healthy)
Sasquatch
5 vs 5 Forward
Center Left Wing Right Wing Time % Phy DF OF
1 Stephane Da Costa Linus Omark Jason Akeson 40 1 2 2
2 Lars Eller D.J King Tyler Randell 30 1 2 2
3 Drew Shore Brock Trotter Ryan Strome 20 1 2 2
4 Sergey Kalinin Jason Zucker Garnet Hathaway 10 1 2 2
5 vs 5 Defense
Defense Defense Time % Phy DF OF
1 Nick Leddy Yann Sauvé 40 1 2 2
2 Danny DeKeiser Jonathan Blum 30 1 2 2
3 Kris Russell James Wisniewski 20 1 2 2
4 Jonathan Blum Nick Leddy 10 1 2 2
PowerPlay Forward
Center Left Wing Right Wing Time % Phy DF OF
1 Lars Eller Linus Omark Jason Akeson 60 1 2 2
2 Stephane Da Costa D.J King Ryan Strome 40 1 2 2
PowerPlay Defense
Defense Defense Time % Phy DF OF
1 Nick Leddy James Wisniewski 60 1 2 2
2 Yann Sauvé Jonathan Blum 40 1 2 2
Penalty Kill 4 Players Forward
Center Wing Time % Phy DF OF
1 Drew Shore D.J King 60 1 2 2
2 Lars Eller Linus Omark 40 1 2 2
Penalty Kill 4 Players Defense
Defense Defense Time % Phy DF OF
1 Danny DeKeiser Yann Sauvé 60 1 2 2
2 Kris Russell Jonathan Blum 40 1 2 2
Penalty Kill - 3 Players Forward
Forward Time % Phy DF OF
1 Lars Eller 60 1 2 2
2 Drew Shore 40 1 2 2
Penalty Kill - 3 Players Defense
Defense Defense Time % Phy DF OF
1 Yann Sauvé Danny DeKeiser 60 1 2 2
2 Kris Russell Jonathan Blum 40 1 2 2
4 vs 4 Forward
Center Wing Time % Phy DF OF
1 Drew Shore D.J King 60 1 2 2
2 Stephane Da Costa Linus Omark 40 1 2 2
4 vs 4 Defense
Defense Defense Time % Phy DF OF
1 Yann Sauvé Nick Leddy 60 1 2 2
2 Danny DeKeiser Jonathan Blum 40 1 2 2
Last Minutes Offensive
Center Left Wing Right Wing Defense Defense
Lars Eller Linus Omark Jason Akeson Nick Leddy Jonathan Blum
Last Minutes Defensive
Center Left Wing Right Wing Defense Defense
Drew Shore Linus Omark D.J King Danny DeKeiser Yann Sauvé
Goaltenders
Starting : Corey Crawford
Backup : Martin Houle
Extra Forwards
Normal : Jason Zucker, Drew Shore, Brock Trotter - PP : Drew Shore, Linus Omark - PK : Brock Trotter
Extra Defensemen
Normal : Jonathan Blum, Kris Russell, James Wisniewski - PP : Kris Russell - PK : Nick Leddy, Danny DeKeiser
Penalty Shots
Linus Omark, Lars Eller, Jason Akeson, Ryan Strome, Jason Zucker
Scratches
Andy Andreoff (Healthy), Philip Varone (Healthy), James Wisniewski (Sprained Right Knee Injury), Ty Rattie (Healthy), Michal Jordan (Healthy)
Teemu Hartikainen (Healthy), Slava Voynov (Healthy), Jack Campbell (Healthy)
% Time on Ice - Remparts
Lines # - Real PCT - Wanted PCT - Time Play
Normal Forward
1 - 34% - 40% - 17:54
2 - 25% - 30% - 13:24
3 - 24% - 20% - 13:01
4 - 17% - 10% - 9:05
Normal Defense
1 - 37% - 40% - 19:35
2 - 34% - 30% - 18:04
3 - 24% - 20% - 12:39
4 - 6% - 10% - 3:06
PP Forward
1 - 59% - 60% - 2:31
2 - 41% - 40% - 1:43
PP Defense
1 - 61% - 60% - 2:35
2 - 39% - 40% - 1:39
PK Forward
1 - 89% - 60% - 2:07
2 - 11% - 40% - 0:15
PK Defense
1 - 64% - 60% - 1:31
2 - 36% - 40% - 0:51
PK3 Forward
1 - 0% - 60%
2 - 0% - 40%
PK3 Defense
1 - 0% - 60%
2 - 0% - 40%
44 Forward
1 - 0% - 60%
2 - 0% - 40%
44 Defense
1 - 0% - 60%
2 - 0% - 40%
Last Minute Offensive - 0:00
Last Minute Defensive - 0:00
Total
Forward - 60:00
Defense - 60:00
|
% Time on Ice - Sasquatch
Lines # - Real PCT - Wanted PCT - Time Play
Normal Forward
1 - 33% - 40% - 17:36
2 - 28% - 30% - 14:56
3 - 21% - 20% - 11:25
4 - 18% - 10% - 9:27
Normal Defense
1 - 39% - 40% - 20:57
2 - 29% - 30% - 15:42
3 - 26% - 20% - 14:00
4 - 5% - 10% - 2:45
PP Forward
1 - 59% - 60% - 1:24
2 - 41% - 40% - 0:58
PP Defense
1 - 63% - 60% - 1:30
2 - 37% - 40% - 0:52
PK Forward
1 - 68% - 60% - 2:52
2 - 32% - 40% - 1:22
PK Defense
1 - 60% - 60% - 2:33
2 - 40% - 40% - 1:41
PK3 Forward
1 - 0% - 60%
2 - 0% - 40%
PK3 Defense
1 - 0% - 60%
2 - 0% - 40%
44 Forward
1 - 0% - 60%
2 - 0% - 40%
44 Defense
1 - 0% - 60%
2 - 0% - 40%
Last Minute Offensive - 0:00
Last Minute Defensive - 0:00
Total
Forward - 60:00
Defense - 60:00
|
Play by Play
1st period
0:01 of 1st period - Jonathan Matsumoto wins face-off versus Stephane Da Costa in neutral zone.
0:10 of 1st period - Wrist shot by Jonathan Matsumoto.
0:10 of 1st period - Stopped by Corey Crawford without a rebound.
0:11 of 1st period - D.J King wins face-off versus Mika Zibanejad in Sasquatch zone.
0:22 of 1st period - Snap shot by Guillaume Desbiens.
0:22 of 1st period - Shot Misses the Net.
0:24 of 1st period - Wrist shot by Guillaume Desbiens.
0:24 of 1st period - Deflect By Mika Zibanejad.
0:24 of 1st period - Shot Misses the Net.
0:24 of 1st period - Puck is out of play.
0:25 of 1st period - Cédric Lalonde-McNicoll wins face-off versus Drew Shore in Sasquatch zone.
0:30 of 1st period - Slapshot by Nate Guenin.
0:30 of 1st period - Deflect By Kris Russell.
0:30 of 1st period - Stopped by Corey Crawford with a rebound.
0:32 of 1st period - Slapshot by Luca Caputi.
0:32 of 1st period - Stopped by Corey Crawford without a rebound.
0:33 of 1st period - Cédric Lalonde-McNicoll wins face-off versus Drew Shore in Sasquatch zone.
0:34 of 1st period - Backhand shot by Luca Caputi.
0:34 of 1st period - Shot Misses the Net.
1:01 of 1st period - Wrist shot by Drew Shore.
1:01 of 1st period - Shot Blocked by Erik Gustafsson.
1:06 of 1st period - Off-side.
1:07 of 1st period - Jonathan Matsumoto wins face-off versus Stephane Da Costa in neutral zone.
1:56 of 1st period - Slapshot by Nick Leddy.
1:56 of 1st period - Stopped by Petr Mrazek with a rebound.
1:58 of 1st period - Backhand shot by Garnet Hathaway.
1:58 of 1st period - Stopped by Petr Mrazek with a rebound.
2:00 of 1st period - Wrist shot by Nick Leddy.
2:00 of 1st period - Shot Blocked by William Colbert.
2:45 of 1st period - Minor Penalty to Lars Eller for Roughing.
2:46 of 1st period - Jonathan Matsumoto wins face-off versus Drew Shore in Sasquatch zone.
3:12 of 1st period - Johannes Salmonsson is hit by Brock Trotter and loses puck.
4:45 of 1st period - Penalty to Lars Eller is over, Lars Eller is back on ice.
5:02 of 1st period - Max Reinhart is hit by Garnet Hathaway and loses puck.
5:16 of 1st period - Off-side.
5:17 of 1st period - Cédric Lalonde-McNicoll wins face-off versus Lars Eller in neutral zone.
5:47 of 1st period - Snap shot by Guillaume Desbiens.
5:47 of 1st period - Stopped by Corey Crawford with a rebound.
6:17 of 1st period - Snap shot by Garnet Hathaway.
6:17 of 1st period - Stopped by Petr Mrazek without a rebound.
6:18 of 1st period - Sergey Kalinin wins face-off versus Max Reinhart in Remparts zone.
6:34 of 1st period - Erik Gudbranson is hit by Garnet Hathaway and loses puck.
6:41 of 1st period - Snap shot by Garnet Hathaway.
6:41 of 1st period - Shot Misses the Net.
6:51 of 1st period - Wrist shot by Garnet Hathaway.
6:51 of 1st period - Stopped by Petr Mrazek with a rebound.
6:57 of 1st period - Wrist shot by Jason Zucker.
6:57 of 1st period - Shot Blocked by Max Reinhart.
6:59 of 1st period - Snap shot by Danny DeKeiser.
6:59 of 1st period - Stopped by Petr Mrazek without a rebound.
7:00 of 1st period - Jonathan Matsumoto wins face-off versus Stephane Da Costa in Remparts zone.
7:07 of 1st period - Snap shot by Daniel Paille.
7:07 of 1st period - Shot Misses the Net.
7:09 of 1st period - Snap shot by Matt Halischuk.
7:09 of 1st period - Shot Misses the Net.
7:25 of 1st period - Guillaume Desbiens is hit by James Wisniewski and loses puck.
7:47 of 1st period - Off-side.
7:48 of 1st period - Cédric Lalonde-McNicoll wins face-off versus Drew Shore in neutral zone.
7:51 of 1st period - Snap shot by Erik Gudbranson.
7:51 of 1st period - Stopped by Corey Crawford with a rebound.
9:33 of 1st period - Jason Zucker is hit by Nate Guenin.
10:07 of 1st period - Wrist shot by Jonathan Matsumoto.
10:07 of 1st period - Shot Blocked by Jonathan Blum.
10:09 of 1st period - Wrist shot by Daniel Paille.
10:09 of 1st period - Deflect By Jonathan Matsumoto.
10:09 of 1st period - Shot Misses the Net.
10:09 of 1st period - Puck is out of play.
10:10 of 1st period - Mika Zibanejad wins face-off versus Stephane Da Costa in Sasquatch zone.
10:21 of 1st period - Keith Ballard is hit by Yann Sauvé.
10:35 of 1st period - D.J King is hit by Luca Caputi and loses puck.
10:58 of 1st period - Slapshot by D.J King.
10:58 of 1st period - Stopped by Petr Mrazek with a rebound.
11:00 of 1st period - Wrist shot by Brock Trotter.
11:00 of 1st period - Stopped by Petr Mrazek with a rebound.
11:02 of 1st period - Slapshot by Yann Sauvé.
11:02 of 1st period - Deflect By Radko Gudas.
11:02 of 1st period - Stopped by Petr Mrazek with a rebound.
11:28 of 1st period - Backhand shot by Jonathan Cheechoo.
11:28 of 1st period - Stopped by Corey Crawford with a rebound.
11:50 of 1st period - Wrist shot by Guillaume Desbiens.
11:50 of 1st period - Stopped by Corey Crawford without a rebound.
11:51 of 1st period - Brock Trotter wins face-off versus Mika Zibanejad in Sasquatch zone.
12:14 of 1st period - Snap shot by Linus Omark.
12:14 of 1st period - Stopped by Petr Mrazek without a rebound.
12:15 of 1st period - Jonathan Matsumoto wins face-off versus Stephane Da Costa in Remparts zone.
12:51 of 1st period - Johannes Salmonsson is hit by Nick Leddy and loses puck.
13:02 of 1st period - Nate Guenin is hit by Jason Zucker and loses puck.
13:11 of 1st period - Snap shot by Jason Zucker.
13:11 of 1st period - Deflect By Sergey Kalinin.
13:11 of 1st period - Shot Misses the Net.
13:11 of 1st period - Puck is out of play.
13:12 of 1st period - Stephane Da Costa wins face-off versus Matt Halischuk in Remparts zone.
13:15 of 1st period - Snap shot by Linus Omark.
13:15 of 1st period - Stopped by Petr Mrazek without a rebound.
13:16 of 1st period - Stephane Da Costa wins face-off versus Jonathan Matsumoto in Remparts zone.
13:29 of 1st period - Snap shot by Linus Omark.
13:29 of 1st period - Stopped by Petr Mrazek without a rebound.
13:30 of 1st period - Matt Halischuk wins face-off versus Stephane Da Costa in Remparts zone.
13:30 of 1st period - Matt Halischuk is hit by Linus Omark.
15:05 of 1st period - Daniel Paille is hit by Garnet Hathaway and loses puck.
15:41 of 1st period - Snap shot by Luca Caputi.
15:41 of 1st period - Shot Blocked by James Wisniewski.
16:04 of 1st period - Wrist shot by Keith Ballard.
16:04 of 1st period - Stopped by Corey Crawford with a rebound.
16:06 of 1st period - Slapshot by Erik Gudbranson.
16:06 of 1st period - Shot Misses the Net.
16:08 of 1st period - Wrist shot by Keith Ballard.
16:08 of 1st period - Shot Blocked by Kris Russell.
16:10 of 1st period - Slapshot by Keith Ballard.
16:10 of 1st period - Stopped by Corey Crawford without a rebound.
16:11 of 1st period - Stephane Da Costa wins face-off versus Jonathan Matsumoto in Sasquatch zone.
16:49 of 1st period - Johannes Salmonsson is hit by Jonathan Blum and loses puck.
17:26 of 1st period - Slapshot by William Colbert.
17:26 of 1st period - Shot Blocked by Jason Zucker.
17:28 of 1st period - Snap shot by Jonathan Cheechoo.
17:28 of 1st period - Shot Blocked by Garnet Hathaway.
17:30 of 1st period - Slapshot by William Colbert.
17:30 of 1st period - Deflect By Jonathan Cheechoo.
17:30 of 1st period - Shot Misses the Net.
17:30 of 1st period - Puck is out of play.
17:31 of 1st period - Stephane Da Costa wins face-off versus Daniel Paille in Sasquatch zone.
18:58 of 1st period - Off-side.
18:59 of 1st period - Mika Zibanejad wins face-off versus Stephane Da Costa in neutral zone.
Goals for this period are 0 for Remparts vs 0 for Sasquatch.
Shots for this period are 9 for Remparts vs 11 for Sasquatch.
2nd period
0:01 of 2nd period - Jonathan Matsumoto wins face-off versus Linus Omark in neutral zone.
0:06 of 2nd period - Wrist shot by Jonathan Matsumoto.
0:06 of 2nd period - Shot Blocked by Nick Leddy.
0:08 of 2nd period - Snap shot by Jonathan Matsumoto.
0:08 of 2nd period - Stopped by Corey Crawford without a rebound.
0:09 of 2nd period - Jonathan Matsumoto wins face-off versus Stephane Da Costa in Sasquatch zone.
0:28 of 2nd period - Snap shot by Nick Leddy.
0:28 of 2nd period - Shot Blocked by Matt Halischuk.
1:06 of 2nd period - Linus Omark is hit by Matt Halischuk and loses puck.
1:14 of 2nd period - Off-side.
1:15 of 2nd period - Guillaume Desbiens wins face-off versus Lars Eller in neutral zone.
1:22 of 2nd period - Slapshot by Guillaume Desbiens.
1:22 of 2nd period - Stopped by Corey Crawford with a rebound.
1:40 of 2nd period - Slapshot by Nate Guenin.
1:40 of 2nd period - Shot Misses the Net.
1:54 of 2nd period - Slapshot by Lars Eller.
1:54 of 2nd period - Stopped by Petr Mrazek without a rebound.
1:55 of 2nd period - Drew Shore wins face-off versus Mika Zibanejad in Remparts zone.
2:20 of 2nd period - Radko Gudas is hit by Yann Sauvé and loses puck.
2:39 of 2nd period - Snap shot by Stephane Da Costa.
2:39 of 2nd period - Shot Misses the Net.
2:41 of 2nd period - Snap shot by Jonathan Blum.
2:41 of 2nd period - Shot Blocked by Max Reinhart.
3:29 of 2nd period - Drew Shore is hit by Jonathan Cheechoo and loses puck.
3:36 of 2nd period - Snap shot by Jonathan Cheechoo.
3:36 of 2nd period - Stopped by Corey Crawford with a rebound.
3:38 of 2nd period - Wrist shot by Max Reinhart.
3:38 of 2nd period - Shot Misses the Net.
3:40 of 2nd period - Slapshot by Max Reinhart.
3:40 of 2nd period - Shot Misses the Net.
3:48 of 2nd period - Minor Penalty to Danny DeKeiser for High sticking.
3:49 of 2nd period - Drew Shore wins face-off versus Jonathan Matsumoto in Sasquatch zone.
3:59 of 2nd period - Matt Halischuk is hit by Drew Shore and loses puck.
4:11 of 2nd period - Drew Shore is hit by Matt Halischuk and loses puck.
4:22 of 2nd period - Yann Sauvé is hit by Matt Halischuk and loses puck.
4:44 of 2nd period - Slapshot by Keith Ballard.
4:44 of 2nd period - Deflect By Daniel Paille.
4:44 of 2nd period - Stopped by Corey Crawford without a rebound.
4:45 of 2nd period - Drew Shore wins face-off versus Mika Zibanejad in Sasquatch zone.
4:45 of 2nd period - Drew Shore is hit by Mika Zibanejad.
5:48 of 2nd period - Penalty to Danny DeKeiser is over, Danny DeKeiser is back on ice.
5:59 of 2nd period - Keith Ballard is hit by Jason Akeson and loses puck.
6:12 of 2nd period - Keith Ballard is hit by Garnet Hathaway and loses puck.
6:35 of 2nd period - Snap shot by Drew Shore.
6:35 of 2nd period - Stopped by Petr Mrazek with a rebound.
7:41 of 2nd period - Keith Ballard is hit by Lars Eller and loses puck.
8:22 of 2nd period - Jonathan Matsumoto is hit by Jason Akeson and loses puck.
9:29 of 2nd period - Danny DeKeiser is hit by Daniel Paille and loses puck.
9:44 of 2nd period - Jonathan Blum is hit by Radko Gudas and loses puck.
10:27 of 2nd period - Snap shot by Brock Trotter.
10:27 of 2nd period - Deflect By Drew Shore.
10:27 of 2nd period - Stopped by Petr Mrazek with a rebound.
11:12 of 2nd period - Nate Guenin is hit by Jonathan Blum and loses puck.
11:30 of 2nd period - Petr Straka is hit by Brock Trotter and loses puck.
12:02 of 2nd period - Matt Halischuk is hit by Tyler Randell and loses puck.
12:13 of 2nd period - Nick Leddy is hit by Guillaume Desbiens and loses puck.
12:52 of 2nd period - Danny DeKeiser is hit by Erik Gustafsson.
13:28 of 2nd period - William Colbert is hit by Ryan Strome and loses puck.
13:43 of 2nd period - Guillaume Desbiens is hit by Danny DeKeiser and loses puck.
13:50 of 2nd period - Linus Omark is hit by Guillaume Desbiens and loses puck.
14:03 of 2nd period - Petr Straka is hit by Danny DeKeiser and loses puck.
14:10 of 2nd period - Snap shot by Garnet Hathaway.
14:10 of 2nd period - Stopped by Petr Mrazek with a rebound.
14:12 of 2nd period - Snap shot by Sergey Kalinin.
14:12 of 2nd period - Deflect By Jason Zucker.
14:12 of 2nd period - Goal by Jason Zucker - Remparts : 0 - Sasquatch : 1.
14:13 of 2nd period - Jonathan Matsumoto wins face-off versus Stephane Da Costa in neutral zone.
14:16 of 2nd period - Snap shot by Matt Halischuk.
14:16 of 2nd period - Stopped by Corey Crawford without a rebound.
14:17 of 2nd period - Jonathan Matsumoto wins face-off versus Stephane Da Costa in Sasquatch zone.
14:20 of 2nd period - Slapshot by Daniel Paille.
14:20 of 2nd period - Stopped by Corey Crawford without a rebound.
14:21 of 2nd period - Jonathan Matsumoto wins face-off versus Stephane Da Costa in Sasquatch zone.
14:46 of 2nd period - Wrist shot by Jason Akeson.
14:46 of 2nd period - Shot Blocked by Erik Gudbranson.
15:04 of 2nd period - Minor Penalty to Erik Gudbranson for Hooking.
15:05 of 2nd period - Lars Eller wins face-off versus Max Reinhart in Remparts zone.
15:08 of 2nd period - Snap shot by Jason Akeson.
15:08 of 2nd period - Shot Misses the Net.
16:14 of 2nd period - Luca Caputi is hit by D.J King and loses puck.
16:31 of 2nd period - Keith Ballard is hit by Lars Eller and loses puck.
16:56 of 2nd period - D.J King is hit by Luca Caputi and loses puck.
17:04 of 2nd period - Penalty to Erik Gudbranson is over, Erik Gudbranson is back on ice.
17:09 of 2nd period - Mika Zibanejad is hit by Jason Zucker and loses puck.
17:34 of 2nd period - Snap shot by Brock Trotter.
17:34 of 2nd period - Deflect By Tyler Randell.
17:34 of 2nd period - Stopped by Petr Mrazek with a rebound.
17:40 of 2nd period - Snap shot by Brock Trotter.
17:40 of 2nd period - Shot Misses the Net.
18:12 of 2nd period - James Wisniewski is hit by Radko Gudas and loses puck.
18:13 of 2nd period - James Wisniewski from Sasquatch is injured at 18:13 of 2nd period (Sprained Right Knee).
18:14 of 2nd period - Jonathan Matsumoto wins face-off versus Stephane Da Costa in Sasquatch zone.
18:19 of 2nd period - Slapshot by Jonathan Matsumoto.
18:19 of 2nd period - Shot Misses the Net.
18:21 of 2nd period - Slapshot by Daniel Paille.
18:21 of 2nd period - Goal by Daniel Paille - Remparts : 1 - Sasquatch : 1.
18:22 of 2nd period - Stephane Da Costa wins face-off versus Jonathan Matsumoto in neutral zone.
18:29 of 2nd period - Wrist shot by Stephane Da Costa.
18:29 of 2nd period - Shot Misses the Net.
19:17 of 2nd period - Snap shot by Brock Trotter.
19:17 of 2nd period - Goal by Brock Trotter - Remparts : 1 - Sasquatch : 2.
19:18 of 2nd period - Jonathan Matsumoto wins face-off versus Stephane Da Costa in neutral zone.
19:21 of 2nd period - Slapshot by Erik Gudbranson.
19:21 of 2nd period - Deflect By Daniel Paille.
19:21 of 2nd period - Shot Blocked by Nick Leddy.
19:21 of 2nd period - Puck is out of play.
19:22 of 2nd period - Stephane Da Costa wins face-off versus Jonathan Matsumoto in Sasquatch zone.
19:50 of 2nd period - Snap shot by Johannes Salmonsson.
19:50 of 2nd period - Stopped by Corey Crawford with a rebound.
19:52 of 2nd period - Slapshot by Keith Ballard.
19:52 of 2nd period - Stopped by Corey Crawford with a rebound.
19:54 of 2nd period - Snap shot by Guillaume Desbiens.
19:54 of 2nd period - Deflect By D.J King.
19:54 of 2nd period - Stopped by Corey Crawford with a rebound.
19:56 of 2nd period - Snap shot by Mika Zibanejad.
19:56 of 2nd period - Shot Misses the Net.
Goals for this period are 1 for Remparts vs 2 for Sasquatch.
Shots for this period are 10 for Remparts vs 7 for Sasquatch.
3rd period
0:01 of 3rd period - Jonathan Matsumoto wins face-off versus Stephane Da Costa in neutral zone.
0:09 of 3rd period - Slapshot by Erik Gudbranson.
0:09 of 3rd period - Stopped by Corey Crawford without a rebound.
0:10 of 3rd period - Linus Omark wins face-off versus Matt Halischuk in Sasquatch zone.
0:17 of 3rd period - Snap shot by Daniel Paille.
0:17 of 3rd period - Shot Blocked by Nick Leddy.
0:19 of 3rd period - Slapshot by Keith Ballard.
0:19 of 3rd period - Shot Hit the Post.
0:23 of 3rd period - Slapshot by Daniel Paille.
0:23 of 3rd period - Stopped by Corey Crawford without a rebound.
0:24 of 3rd period - Jonathan Matsumoto wins face-off versus Stephane Da Costa in Sasquatch zone.
0:29 of 3rd period - Wrist shot by Jonathan Matsumoto.
0:29 of 3rd period - Shot Blocked by Yann Sauvé.
0:51 of 3rd period - Erik Gudbranson is hit by Lars Eller and loses puck.
1:26 of 3rd period - Minor Penalty to Ryan Strome for Hooking.
1:27 of 3rd period - Drew Shore wins face-off versus Jonathan Matsumoto in Sasquatch zone.
1:40 of 3rd period - Wrist shot by Daniel Paille.
1:40 of 3rd period - Shot Blocked by D.J King.
1:42 of 3rd period - Wrist shot by Matt Halischuk.
1:42 of 3rd period - Goal by Matt Halischuk - Remparts : 2 - Sasquatch : 2.
1:43 of 3rd period - Stephane Da Costa wins face-off versus Jonathan Matsumoto in neutral zone.
2:35 of 3rd period - Ryan Strome is hit by Luca Caputi and loses puck.
3:21 of 3rd period - Snap shot by Sergey Kalinin.
3:21 of 3rd period - Shot Blocked by Erik Gustafsson.
3:33 of 3rd period - Wrist shot by Johannes Salmonsson.
3:33 of 3rd period - Shot Blocked by Tyler Randell.
3:44 of 3rd period - Snap shot by Keith Ballard.
3:44 of 3rd period - Stopped by Corey Crawford without a rebound.
3:45 of 3rd period - Stephane Da Costa wins face-off versus Cédric Lalonde-McNicoll in Sasquatch zone.
3:55 of 3rd period - Slapshot by Keith Ballard.
3:55 of 3rd period - Deflect By Cédric Lalonde-McNicoll.
3:55 of 3rd period - Shot Misses the Net.
3:55 of 3rd period - Puck is out of play.
3:56 of 3rd period - Stephane Da Costa wins face-off versus Jonathan Matsumoto in Sasquatch zone.
3:56 of 3rd period - Stephane Da Costa is hit by Erik Gudbranson.
4:29 of 3rd period - Icing by Jonathan Blum.
4:30 of 3rd period - Cédric Lalonde-McNicoll wins face-off versus Lars Eller in Sasquatch zone.
4:37 of 3rd period - Tyler Randell is hit by William Colbert.
4:47 of 3rd period - Snap shot by Lars Eller.
4:47 of 3rd period - Stopped by Petr Mrazek without a rebound.
4:48 of 3rd period - Daniel Paille wins face-off versus Stephane Da Costa in Remparts zone.
4:48 of 3rd period - Daniel Paille is hit by Nick Leddy.
5:27 of 3rd period - Slapshot by William Colbert.
5:27 of 3rd period - Deflect By Guillaume Desbiens.
5:27 of 3rd period - Stopped by Corey Crawford with a rebound.
5:35 of 3rd period - Tyler Randell is hit by William Colbert and loses puck.
5:42 of 3rd period - D.J King is hit by Mika Zibanejad.
5:51 of 3rd period - Off-side.
5:52 of 3rd period - Jonathan Matsumoto wins face-off versus Stephane Da Costa in neutral zone.
6:07 of 3rd period - Wrist shot by Daniel Paille.
6:07 of 3rd period - Shot Misses the Net.
6:19 of 3rd period - Keith Ballard is hit by Jonathan Blum and loses puck.
6:30 of 3rd period - Wrist shot by Brock Trotter.
6:30 of 3rd period - Stopped by Petr Mrazek with a rebound.
6:40 of 3rd period - Snap shot by Garnet Hathaway.
6:40 of 3rd period - Shot Blocked by Erik Gudbranson.
6:42 of 3rd period - Slapshot by Kris Russell.
6:42 of 3rd period - Deflect By Sergey Kalinin.
6:42 of 3rd period - Shot Misses the Net.
6:42 of 3rd period - Puck is out of play.
6:43 of 3rd period - Jonathan Matsumoto wins face-off versus Garnet Hathaway in Remparts zone.
6:48 of 3rd period - Slapshot by Garnet Hathaway.
6:48 of 3rd period - Shot Misses the Net.
7:21 of 3rd period - Snap shot by Guillaume Desbiens.
7:21 of 3rd period - Stopped by Corey Crawford without a rebound.
7:22 of 3rd period - Cédric Lalonde-McNicoll wins face-off versus Lars Eller in Sasquatch zone.
7:59 of 3rd period - Icing by Yann Sauvé.
8:00 of 3rd period - Stephane Da Costa wins face-off versus Mika Zibanejad in Sasquatch zone.
8:11 of 3rd period - Wrist shot by Stephane Da Costa.
8:11 of 3rd period - Stopped by Petr Mrazek without a rebound.
8:12 of 3rd period - Jonathan Matsumoto wins face-off versus Lars Eller in Remparts zone.
8:19 of 3rd period - Jonathan Blum is hit by Matt Halischuk and loses puck.
8:38 of 3rd period - Keith Ballard is hit by Jason Akeson and loses puck.
9:04 of 3rd period - Brock Trotter is hit by Luca Caputi and loses puck.
9:19 of 3rd period - Snap shot by Garnet Hathaway.
9:19 of 3rd period - Shot Misses the Net.
9:21 of 3rd period - Snap shot by Jason Zucker.
9:21 of 3rd period - Stopped by Petr Mrazek with a rebound.
9:23 of 3rd period - Wrist shot by Sergey Kalinin.
9:23 of 3rd period - Stopped by Petr Mrazek without a rebound.
9:24 of 3rd period - Jonathan Matsumoto wins face-off versus Stephane Da Costa in Remparts zone.
9:24 of 3rd period - Jonathan Matsumoto is hit by Jonathan Blum.
9:27 of 3rd period - Minor Penalty to Daniel Paille for Tripping.
9:28 of 3rd period - Lars Eller wins face-off versus Max Reinhart in Remparts zone.
9:28 of 3rd period - Snap shot by Linus Omark.
9:28 of 3rd period - Shot Misses the Net.
9:30 of 3rd period - Slapshot by Jason Akeson.
9:30 of 3rd period - Stopped by Petr Mrazek with a rebound.
9:32 of 3rd period - Snap shot by Linus Omark.
9:32 of 3rd period - Shot Misses the Net.
9:40 of 3rd period - Slapshot by Linus Omark.
9:40 of 3rd period - Deflect By Jason Akeson.
9:40 of 3rd period - Shot Misses the Net.
9:40 of 3rd period - Puck is out of play.
9:41 of 3rd period - Lars Eller wins face-off versus Max Reinhart in Remparts zone.
9:48 of 3rd period - Wrist shot by Linus Omark.
9:48 of 3rd period - Stopped by Petr Mrazek with a rebound.
9:50 of 3rd period - Snap shot by Linus Omark.
9:50 of 3rd period - Goal by Linus Omark - Remparts : 2 - Sasquatch : 3.
9:51 of 3rd period - Jonathan Matsumoto wins face-off versus Stephane Da Costa in neutral zone.
9:56 of 3rd period - Slapshot by Erik Gudbranson.
9:56 of 3rd period - Shot Misses the Net.
10:38 of 3rd period - Wrist shot by Drew Shore.
10:38 of 3rd period - Goal by Drew Shore - Remparts : 2 - Sasquatch : 4.
10:39 of 3rd period - Stephane Da Costa wins face-off versus Jonathan Matsumoto in neutral zone.
10:55 of 3rd period - Wrist shot by Jason Akeson.
10:55 of 3rd period - Shot Misses the Net.
11:15 of 3rd period - Snap shot by Guillaume Desbiens.
11:15 of 3rd period - Stopped by Corey Crawford with a rebound.
11:17 of 3rd period - Wrist shot by Mika Zibanejad.
11:17 of 3rd period - Shot Misses the Net.
11:47 of 3rd period - Icing by Yann Sauvé.
11:48 of 3rd period - Drew Shore wins face-off versus Cédric Lalonde-McNicoll in Sasquatch zone.
12:16 of 3rd period - Slapshot by Jonathan Blum.
12:16 of 3rd period - Shot Misses the Net.
12:42 of 3rd period - Wrist shot by Stephane Da Costa.
12:42 of 3rd period - Shot Misses the Net.
12:44 of 3rd period - Wrist shot by Stephane Da Costa.
12:44 of 3rd period - Stopped by Petr Mrazek with a rebound.
12:46 of 3rd period - Slapshot by Danny DeKeiser.
12:46 of 3rd period - Stopped by Petr Mrazek with a rebound.
13:15 of 3rd period - Max Reinhart is hit by Garnet Hathaway and loses puck.
14:00 of 3rd period - Keith Ballard is hit by Brock Trotter and loses puck.
14:42 of 3rd period - Sergey Kalinin is hit by Radko Gudas and loses puck.
14:53 of 3rd period - D.J King is hit by Johannes Salmonsson and loses puck.
15:13 of 3rd period - Daniel Paille is hit by Danny DeKeiser.
15:49 of 3rd period - Danny DeKeiser is hit by Radko Gudas and loses puck.
16:32 of 3rd period - Guillaume Desbiens is hit by Ryan Strome and loses puck.
16:52 of 3rd period - Luca Caputi is hit by Garnet Hathaway and loses puck.
17:14 of 3rd period - Wrist shot by Matt Halischuk.
17:14 of 3rd period - Stopped by Corey Crawford with a rebound.
17:16 of 3rd period - Wrist shot by Matt Halischuk.
17:16 of 3rd period - Stopped by Corey Crawford with a rebound.
17:32 of 3rd period - Snap shot by Stephane Da Costa.
17:32 of 3rd period - Deflect By Linus Omark.
17:32 of 3rd period - Shot Misses the Net.
17:32 of 3rd period - Puck is out of play.
17:33 of 3rd period - Stephane Da Costa wins face-off versus Cédric Lalonde-McNicoll in Remparts zone.
17:36 of 3rd period - Snap shot by Stephane Da Costa.
17:36 of 3rd period - Stopped by Petr Mrazek without a rebound.
17:37 of 3rd period - Drew Shore wins face-off versus Cédric Lalonde-McNicoll in Remparts zone.
18:22 of 3rd period - Snap shot by Lars Eller.
18:22 of 3rd period - Shot Blocked by Mika Zibanejad.
18:24 of 3rd period - Slapshot by Lars Eller.
18:24 of 3rd period - Shot Misses the Net.
18:26 of 3rd period - Slapshot by Danny DeKeiser.
18:26 of 3rd period - Stopped by Petr Mrazek without a rebound.
18:27 of 3rd period - Lars Eller wins face-off versus Cédric Lalonde-McNicoll in Remparts zone.
18:42 of 3rd period - Radko Gudas is hit by Lars Eller and loses puck.
18:51 of 3rd period - Nick Leddy is hit by Petr Straka and loses puck.
Goals for this period are 1 for Remparts vs 2 for Sasquatch.
Shots for this period are 9 for Remparts vs 13 for Sasquatch.
Back to the Top